 Dungeon Crawl Stone Soup version 0.25-a0-474-ga8a2ee3 (webtiles) character file.

Game seed: 738293368565633436, levelgen mode: deterministic

53 southernslant the Ducker (level 3, 0/29 HPs)
             Began as a Merfolk Gladiator on Feb 7, 2020.
             Slain by an adder (4 damage)
             ... on level 2 of the Dungeon.
             The game lasted 00:02:55 (1227 turns).

southernslant the Ducker (Merfolk Gladiator)        Turns: 1227, Time: 00:02:56

Health: 0/29       AC:  4    Str: 15    XL:     3   Next: 89%
Magic:  3/3        EV: 14    Int:  7    God:
Gold:   117        SH:  0    Dex: 15    Spells: 2/2 levels left

rFire    . . .     SeeInvis .   a - +0 trident
rCold    . . .     Gourm    .   (no shield)
rNeg     . . .     Faith    .   b - +0 leather armour
rPois    .         Spirit   .   c - +0 helmet
rElec    .         Reflect  .   (no cloak)
rCorr    .         Harm     .   (no gloves)
MR       .....                  (no boots)
Stlth    +.........             (no amulet)
HPRegen  0.09/turn              (no ring)
MPRegen  0.08/turn              (no ring)

@: lethally poisoned (0 -> -10)
A: change form in water, swift swim, stealthy swim
a: no special abilities


You were on level 2 of the Dungeon.
You were not hungry.

You visited 1 branch of the dungeon, and saw 2 of its levels.

You collected 117 gold pieces.

Inventory:

Hand Weapons
 a - a +0 trident (weapon)
Missiles
 d - 3 throwing nets
 i - 66 arrows
 l - a datura-tipped dart (quivered)
Armour
 b - a +0 leather armour (worn)
 c - a +0 helmet (worn)
Jewellery
 o - an uncursed amulet of faith {unknown}
 q - an uncursed amulet of the gourmand {unknown}
Scrolls
 e - a scroll of immolation {unknown}
 g - 2 scrolls of blinking {unknown}
 k - 2 scrolls of teleportation {unknown}
 m - 2 scrolls of amnesia {unknown}
 p - a scroll of enchant weapon {unknown}
Potions
 h - a potion of cancellation {unknown}
 j - a potion of degeneration {unknown}
 r - a potion of berserk rage {unknown}
Comestibles
 f - 4 rations
 n - 3 chunks of flesh


   Skills:
 * Level 3.3 Fighting
 - Level 4.4 Polearms
 + Level 2.5 Throwing
 * Level 4.9 Dodging


You had 2 spell levels left.
You didn't know any spells.
Your spell library was empty.

Dungeon Overview and Level Annotations

Branches:
Dungeon (2/15)

Altars:


Message History

The adder refuses to make way for you. (Use ctrl+direction or * direction to attack.)
The adder refuses to make way for you. (Use ctrl+direction or * direction to attack.)
The adder refuses to make way for you. (Use ctrl+direction or * direction to attack.)
You closely miss the adder.
You feel sick. The adder closely misses you. The adder misses you.
You barely miss the adder. The adder bites you. x2
You hit the adder.
The adder is heavily wounded.
You feel sick. The adder bites you. x2
You closely miss the adder.
The adder is heavily wounded.
The adder bites you.
* * * LOW HITPOINT WARNING * * *
You are lethally poisoned!
The adder poisons you! The adder closely misses you.
You barely miss the adder.
The adder is heavily wounded.
* * * LOW HITPOINT WARNING * * *
You feel sick. The adder closely misses you. The adder bites you.
You die...

####..# #..#..#
#..#..#
##+####+####'#..#
................#
................#
................#
#+####'####'####
#.@S..#..#
#.....#..#
#.....####
#.....# +..(..+
#+###+#


You could see a neutral adder (insane).

Vanquished Creatures
  2 adders (D:2)
  A dart slug (D:1)
  A leopard gecko (D:2)
  A ball python (D:2)
  4 bats
  3 hobgoblins
  7 jackals (D:1)
  3 kobolds
  A frilled lizard (D:1)
  2 goblins
  5 rats
30 creatures vanquished.

Vanquished Creatures (collateral kills)
  A kobold (D:2)
1 creature vanquished.

Vanquished Creatures (others)
  A dart slug (D:2)
1 creature vanquished.

Grand Total: 32 creatures vanquished

Notes
Turn   | Place    | Note
-------+----------+-------------------------------------------
     0 | D:1      | southernslant the Merfolk Gladiator began the quest for the
                  | Orb.
     0 | D:1      | Reached XP level 1. HP: 16/16 MP: 1/1
   267 | D:1      | Reached XP level 2. HP: 23/23 MP: 2/2
   696 | D:1      | Reached XP level 3. HP: 28/28 MP: 3/3
  1227 | D:2      | Slain by an adder

Levels and vault maps discovered:
D:1:      dpeg_arrival_chambers_temple_mockup, layout_basic
D:2:      layout_basic, chequers_temple_overflow_minitemple, first_ration,
          serial_bayou_pond_d, minmay_snake_closets, uniq_natasha

Skill      XL: |  1  2  3 |
---------------+----------+-----
Fighting       | 3 |  3.3
Polearms       | |  4.4
Throwing       | |  2.5
Dodging        | |  4.9

Action                   || total
-------------------------++-------
Melee: Trident           ||   109
Throw: Dart              ||     5
 Stab: Sleeping          ||     2
  Eat: Chunk             ||     1
Armor: Leather armour    ||    10
Dodge: Dodged            ||    69

Table legend:
 A = Non-vault XP
 B = Vault XP
 C = Vault XP percentage of total XP
 D = Non-vault monster count
 E = Vault monster count
 F = Vault count percentage of total count
                 A         B        C        D         E       F
            +---------+---------+-------+---------+---------+-------
      Total |      75 |       2 |   2.6 |      30 |       1 |   3.2
            +---------+---------+-------+---------+---------+-------
        D:1 |      35 |       0 |   0.0 |      20 |       0 |   0.0
        D:2 |      40 |       2 |   4.8 |      10 |       1 |   9.1
            +---------+---------+-------+---------+---------+-------
